 Dungeon Crawl Stone Soup version 0.22.1-2-g9c5b331383 (webtiles) character file.

420 Nygeryga the Basher (level 6, 0/55 HPs)
             Began as a Minotaur Berserker on Nov 13, 2018.
             Was a Priest of Trog.
             Slain by a phantom (4 damage)
             ... on level 4 of the Dungeon.
             The game lasted 00:11:25 (2924 turns).

Nygeryga the Basher (Minotaur Berserker)            Turns: 2924, Time: 00:11:26

Health: 0/55       AC:  6    Str: 23    XL:     6   Next: 62%
Magic:  5/5        EV: 10    Int:  4    God:    Trog [***...]
Gold:   205        SH:  0    Dex: 10    Spells: 5/5 levels left

rFire    + . .     SeeInvis .   a - +0 mace
rCold    . . .     Gourm    .   (no shield)
rNeg     . . .     Faith    .   f - +0 scale mail
rPois    .         Spirit   .   (helmet restricted)
rElec    .         Reflect  .   (no cloak)
rCorr    .         Harm     .   (no gloves)
MR       .....                  (no boots)
Stlth    ..........             (no amulet)
HPRegen  0.18/turn              n - ring of protection from fire
MPRegen  0.09/turn              (no ring)

@: no status effects
A: retaliatory headbutt, horns 2
a: Berserk, Trog's Hand, Renounce Religion


You were on level 4 of the Dungeon.
You worshipped Trog.
Trog was most pleased with you.
You were not hungry.

You visited 1 branch of the dungeon, and saw 4 of its levels.

You collected 205 gold pieces.

Inventory:

Hand Weapons
 a - a +0 mace (weapon)
Armour
 b - a +0 animal skin
 f - a +0 scale mail (worn)
 h - a +0 leather armour
 l - a +0 ring mail
Jewellery
 n - a ring of protection from fire (left hand)
Scrolls
 e - a scroll of immolation
 j - 5 scrolls of teleportation
Potions
 d - a potion of agility {unknown}
 g - a potion of might {unknown}
 i - a potion of degeneration
 k - 2 potions of cancellation {unknown}
 m - a potion of mutation {unknown}
 o - 2 potions of heal wounds {unknown}
 p - a potion of haste
 q - a potion of resistance {unknown}
Comestibles
 c - 7 rations


   Skills:
 + Level 4.8 Fighting
 * Level 8.0 Maces & Flails
 + Level 3.6 Armour
 - Level 2.1 Dodging


You had 5 spell levels left.
You didn't know any spells.
Your spell library was empty.

Dungeon Overview and Level Annotations

Branches:
Dungeon (4/15)
 Temple: D:4-7

Altars:
Fedhas
Wu Jian
Yredelemnul


Innate Abilities, Weirdness & Mutations

You reflexively headbutt those who attack you in melee.
You have a pair of horns on your head.


Message History

The phantom is severely damaged.
The phantom closely misses you.
You hit the phantom but do no damage.
The phantom is severely damaged.
The phantom hits you but does no damage.
You closely miss the phantom.
The phantom is severely damaged.
The phantom hits you.
* * * LOW HITPOINT WARNING * * *
You barely miss the phantom.
The phantom is severely damaged.
The phantom hits you but does no damage.
You hit the phantom.
The phantom is severely damaged.
The phantom hits you!
* * * LOW HITPOINT WARNING * * *
You hit the phantom but do no damage.
The phantom is severely damaged.
The phantom hits you.
You die...

##>.......'.W......#
#...
####...###........#
#### #...#
#........# #...#
#........# #...#
#........# #(..#
#........# #...#
#####.####
#..W#######.#
#...@........
#.............
#............
#............
#.########### #. #.


You could see a phantom.

Vanquished Creatures
  A human (D:3)
  A hound (D:4)
  2 human zombies (D:3)
  2 orc wizards (D:4)
  A hound skeleton (D:4)
  A gnoll (D:1)
  4 adders (D:2)
  8 worms
  A dart slug (D:2)
  A leopard gecko (D:2)
  3 orcs
  6 giant cockroaches
  7 goblins
  13 hobgoblins
  A quokka (D:2)
  5 bats
  4 frilled lizards
  5 kobolds
  9 rats
75 creatures vanquished.

Vanquished Creatures (others)
  A hobgoblin (D:3)
1 creature vanquished.

Grand Total: 76 creatures vanquished

Notes
Turn   | Place    | Note
-------+----------+-------------------------------------------
     0 | D:1      | Nygeryga the Minotaur Berserker began the quest for the
                  | Orb.
     0 | D:1      | Reached XP level 1. HP: 19/19 MP: 0/0
    45 | D:1      | Reached skill level 4 in Maces & Flails
    45 | D:1      | Reached XP level 2. HP: 24/27 MP: 1/1
   423 | D:1      | Reached XP level 3. HP: 31/33 MP: 2/2
   902 | D:2      | Reached skill level 5 in Maces & Flails
  1029 | D:2      | Reached ** piety under Trog
  1135 | D:2      | Reached XP level 4. HP: 40/40 MP: 3/3
  1582 | D:3      | Found a runed door.
  1582 | D:3      | Noticed a human
  1591 | D:3      | Reached skill level 6 in Maces & Flails
  1653 | D:3      | Found a basalt altar of Yredelemnul.
  1656 | D:3      | Reached XP level 5. HP: 47/47 MP: 4/4
  1678 | D:3      | Killed a human
  1678 | D:3      | Reached skill level 7 in Maces & Flails
  1678 | D:3      | Reached XP level 6. HP: 19/53 MP: 5/5
  2179 | D:3      | Reached *** piety under Trog
  2375 | D:3      | Found a blossoming altar of Fedhas.
  2375 | D:3      | Found an ornate altar of the Wu Jian Council.
  2894 | D:4      | Reached skill level 8 in Maces & Flails
  2924 | D:4      | Slain by a phantom

Skill      XL: |  1  2  3  4  5  6 |
---------------+-------------------+-----
Maces & Flails | 4 5 6 7 8 |  8.0
Fighting       | 4 |  4.8
Armour         | 3 |  3.6
Dodging        | |  2.1

Action                   |  1- 3 |  4- 6 || total
-------------------------+-------+-------++-------
Melee: Mace              |    68 |   143 ||   211
       Headbutt          |     9 |    24 ||    33
  Use: Scroll            |       |     4 ||     4
 Stab: Distracted        |       |     1 ||     1
  Eat: Chunk             |     1 |     6 ||     7
Armor: Animal skin       |     1 |       ||     1
       Leather armour    |     9 |       ||     9
       Ring mail         |     1 |    18 ||    19
       Scale mail        |       |    13 ||    13
Dodge: Dodged            |    42 |    56 ||    98
